 Dungeon Crawl Stone Soup version 0.24.0-13-gcf9b3192b9 (webtiles) character file.

Game seed: 9397551563137281184, levelgen mode: deterministic

35 Alabard the Caller (level 3, -1/30 HPs)
             Began as a Tengu Summoner on Nov 9, 2019.
             Slain by a hobgoblin
             ... wielding a +0 club
              (5 damage)
             ... on level 2 of the Dungeon.
             The game lasted 00:04:14 (553 turns).

Alabard the Caller (Tengu Summoner)                  Turns: 553, Time: 00:04:15

Health: -1/30      AC:  2    Str: 11 (13) XL:     3   Next: 35%
Magic:  5/7        EV: 13    Int: 13 (16) God:
Gold:   62         SH:  0    Dex: 13 (14) Spells: 5/6 levels left

rFire    . . .     SeeInvis .   l - +2 short sword (flame)
rCold    . . .     Gourm    .   (no shield)
rNeg     . . .     Faith    .   a - +0 robe
rPois    .         Spirit   .   (helmet restricted)
rElec    .         Reflect  .   (no cloak)
rCorr    .         Harm     .   (no gloves)
MR       .....                  (boots unavailable)
Stlth    ..........             (no amulet)
HPRegen  0.10/turn              (no ring)
MPRegen  0.10/turn              (no ring)

@: berserking (expiring), lethally poisoned (-1 -> -2), very quick
A: beak, talons 3
a: no special abilities


You were on level 2 of the Dungeon.
You were not hungry.

You visited 1 branch of the dungeon, and saw 2 of its levels.

You collected 62 gold pieces.

Inventory:

Hand Weapons
 d - a +0 short sword of venom
 h - a +0 short sword of protection
 l - a +2 short sword of flaming (weapon)
Missiles
 m - 13 poisoned darts (quivered)
Armour
 a - a +0 robe (worn)
Jewellery
 j - an uncursed amulet of the acrobat {unknown}
Scrolls
 b - 2 scrolls of enchant weapon {unknown}
 e - a scroll of teleportation {unknown}
 f - a scroll of identify {unknown}
 i - a scroll of random uselessness {unknown}
Comestibles
 c - 3 rations


   Skills:
 + Level 1.0 Fighting
 + Level 1.0 Short Blades
   Level 0.0 Axes
 + Level 2.5 Dodging
 + Level 2.3 Stealth
 + Level 2.3 Spellcasting
 + Level 5.0 Summonings


You had 5 spell levels left.
You knew the following spells:

 Your Spells              Type           Power        Failure   Level  Hunger
a - Summon Small Mammal   Summ           ##..         3%          1    #......

Your spell library contained the following spells:

 Spells                   Type           Power        Failure   Level  Hunger
 Call Imp                 Summ           ##......     4%          2    ###....
 Call Canine Familiar     Summ           ##......     10%         3    ###....
 Summon Guardian Golem    Hex/Summ       #.......     26%         3    ###....
 Summon Ice Beast         Ice/Summ       #.......     65%         4    #####..
 Summon Lightning Spire   Summ/Air       #.......     65%         4    #####..


Dungeon Overview and Level Annotations

Branches:
Dungeon (2/15)

Altars:


Innate Abilities, Weirdness & Mutations

You have a beak for a mouth.
You have claws for feet.


Message History

Your Short Blades skill increases to level 1!
You have reached level 3!
Your experience leads to an increase in your attributes!
Your base attributes are Str 8, Int 15, Dex 14.
Increase (S)trength, (I)ntelligence, or (D)exterity?
You feel clever. The ooze hits you.
* * * LOW HITPOINT WARNING * * *
Your rat bites the ooze.
You feel a strong urge to attack something.
The ooze barely misses you.
Your rat bites the ooze but does no damage.
You puncture the ooze! You burn the ooze.
You kill the ooze!
Your Fighting skill increases to level 1!
You feel sick. The goblin hits your rat.
Your rat dies!
Your rat's corpse disappears in a puff of smoke!
You closely miss the hobgoblin. The hobgoblin hits you with a +0 club.
You die...

##. ......
...##....
....#.?..
.)....#
#...# .
#..<# ..
#...# ...
###.####
....
#.@#.#.....
##g#....#
#ยง....#
#g..##.#
.......
...$.#...#
.........#
....##....
>... ###...


You could see a hobgoblin and a goblin.

Vanquished Creatures
  An adder (D:2)
  An ooze (D:2)
  A leopard gecko (D:1)
  2 bats (D:1)
  A giant cockroach (D:1)
  3 goblins (D:1)
  6 kobolds
  4 frilled lizards (D:1)
  4 rats (D:1)
23 creatures vanquished.

Vanquished Creatures (collateral kills)
  A goblin (D:1)
1 creature vanquished.

Grand Total: 24 creatures vanquished

Notes
Turn   | Place    | Note
-------+----------+-------------------------------------------
     0 | D:1      | Alabard the Tengu Summoner began the quest for the Orb.
     0 | D:1      | Reached XP level 1. HP: 10/10 MP: 4/4
   159 | D:1      | Reached XP level 2. HP: 15/16 MP: 6/6
   302 | D:1      | Reached skill level 5 in Summonings
   548 | D:2      | Reached skill level 1 in Short Blades
   548 | D:2      | Reached XP level 3. HP: 9/20 MP: 5/7
   552 | D:2      | Reached skill level 1 in Fighting
   553 | D:2      | Slain by a hobgoblin

Levels and vault maps discovered:
D:1:      lemuel_arrival_river_bridge, layout_rooms
D:2:      layout_rooms, uniq_crazy_yiuf_cottage, uniq_terence

Skill      XL: |  1  2  3 |
---------------+----------+-----
Summonings     | 5 |  5.0
Short Blades   | 1 |  1.0
Fighting       | 1 |  1.0
Dodging        | |  2.5
Stealth        | |  2.3
Spellcasting   | |  2.3

Action                   || total
-------------------------++-------
Melee: Short sword       ||    35
       Hand axe          ||     6
       Kick              ||     7
       Peck              ||     2
 Cast: Summon Small Mamm ||     2
  Use: Potion            ||     2
 Stab: Sleeping          ||     6
Armor: Robe              ||     9
Dodge: Dodged            ||    36
